AoeStats
← epic porc epic

MegaRandom

510413369Analyzed
4v4 RM · 2d ago on Sep 30, 2026· 63m 41s· 8 players
Game mode
Random Map
Map size
Large (8 player)
Population
200
Speed
Normal
Resources
Standard
Victory
Conquest
Starting age
Dark Age
Ending age
Imperial Age
RankedLock teamsTeams togetherTeam positionsShared explorationLock speedFull tech treeHidden civsTurbo modeCheats
Victory
Defeat
🇺🇸 Mapuche · United States
1004
+12
🇺🇸 Byzantines · United States
927
+15
🇳🇱 Gurjaras · Netherlands
891
+17
🇩🇪 Ethiopians · Germany
859
+19
🇨🇦 Romans · Canada
935
-46
🇦🇷 Bulgarians · Argentina
918
-16
🇨🇦 Burgundians · Canada
901
-42
🇺🇸 Wu · United States
892
-15
MarkedMantis233
0:51 Loom
1:42 Wheelbarrow
10:33 Horse Collar
10:54 Double-Bit Axe
19:23 Feudal Age
19:57 Stone Mining
20:22 Heavy Plow
21:02 Bow Saw
23:07 Hand Cart
22:38 Town Watch
23:55 Stone Shaft Mining
23:11 Gold Mining
24:18 Stone Shaft Mining
23:34 Gold Mining
25:33 Padded Archer Armor
25:24 Fletching
25:44 Forging
26:57 Gold Shaft Mining
25:51 Man-at-Arms
28:11 Arson
33:58 Castle Age
32:21 Scale Mail Armor
34:59 Town Patrol
35:20 Leather Archer Armor
37:41 Scale Barding Armor
37:51 Chain Mail Armor
38:12 Iron Casting
37:33 Bodkin Arrow
38:13 Crop Rotation
40:12 Husbandry
39:33 Cavalier
39:33 Light Cavalry
39:37 Elite Skirmisher
41:09 Squires
41:53 Pikeman
41:53 Long Swordsman
43:55 Two-Man Saw
46:39 Chain Barding Armor
47:54 Crossbowman
56:58 Imperial Age
epic porc epic
13:35 Feudal Age
15:18 Wheelbarrow
14:27 Horse Collar
14:39 Double-Bit Axe
14:46 Gold Mining
15:57 Wheelbarrow
15:53 Town Watch
17:02 Stone Mining
19:23 Man-at-Arms
24:13 Castle Age
24:09 Bloodlines
25:42 Gold Shaft Mining
25:22 Bow Saw
26:00 Heavy Plow
27:30 Long Swordsman
28:14 Scale Mail Armor
28:19 Scale Barding Armor
29:23 Chain Mail Armor
29:29 Chain Barding Armor
28:57 Pikeman
30:05 Fletching
30:17 Padded Archer Armor
31:12 Forging
32:23 Hand Cart
31:54 Town Watch
32:14 Squires
32:17 Husbandry
33:37 Town Patrol
33:58 Leather Archer Armor
33:55 Forging
36:27 Ballistas
36:21 Bodkin Arrow
37:03 Iron Casting
42:15 Imperial Age
42:57 Loom
44:59 Heavy Scorpion
46:55 Chemistry
47:50 Ring Archer Armor
48:22 Blast Furnace
47:58 Plate Barding Armor
46:53 Cavalier
46:55 Light Cavalry
47:05 Legionary
47:08 Halberdier
Manwe
1:57 Loom
14:40 Feudal Age
15:04 Fishing Lines
15:13 Double-Bit Axe
15:11 Horse Collar
16:48 Town Watch
21:17 Forging
21:05 Arson
21:46 Scale Mail Armor
21:39 Gold Mining
21:41 Stone Mining
23:54 Castle Age
22:57 Fletching
23:14 Scale Barding Armor
23:10 Padded Archer Armor
24:00 Pikeman
24:42 Squires
27:43 Gold Shaft Mining
27:53 Wheelbarrow
30:40 Hand Cart
33:21 Imperial Age
32:15 Iron Casting
31:56 Chain Mail Armor
31:55 Bow Saw
33:10 Heavy Plow
38:33 Two-Man Saw
40:19 Chemistry
41:29 Caravan
41:45 Guilds
44:30 Blast Furnace
44:13 Plate Mail Armor
not.matiasz
7:33 Loom
10:23 Feudal Age
21:20 Fletching
29:57 Castle Age
39:28 Squires
42:08 Gambesons
42:09 Arson
45:59 Scale Barding Armor
46:27 Forging
50:01 Imperial Age
48:16 Wheelbarrow
47:28 Town Watch
Badacidreflux
8:13 Loom
10:46 Feudal Age
15:12 Double-Bit Axe
18:21 Fletching
20:34 Castle Age
18:38 Gold Mining
19:10 Horse Collar
21:25 Bodkin Arrow
22:03 Bow Saw
23:02 Wheelbarrow
23:20 Ballistics
23:28 Padded Archer Armor
24:35 Wheelbarrow
27:50 Fishing Lines
34:30 Imperial Age
31:54 Gillnets
33:45 Hand Cart
34:12 Gold Shaft Mining
36:10 Conscription
36:02 Heavy Plow
37:20 Crop Rotation
36:41 Stone Mining
37:22 Malon
38:03 Medium Warships
39:15 Heavy Warships
41:05 Caravan
41:36 Leather Archer Armor
40:51 Elite Skirmisher
40:52 Pikeman
43:30 Butalmapu
43:42 Onager
48:14 Stone Shaft Mining
52:56 Hoardings
54:03 Halberdier
62:03 Elite Bolas Rider
62:58 Elite Kona
64:40 Chemistry
63:46 Siege Engineers
63:52 Masonry
63:23 Treadmill Crane
63:39 Murder Holes
63:54 Careening
63:55 Clinker Construction
63:50 Siphons
63:31 Arrowslits
63:36 Town Watch
63:13 Crossbowman
63:31 Sappers
63:31 Heavy Scorpion
63:31 Capped Ram
Starman
5:30 Loom
11:02 Feudal Age
11:50 Horse Collar
11:59 Double-Bit Axe
18:03 Castle Age
17:13 Stone Mining
17:21 Gold Mining
21:48 Fletching
25:49 Imperial Age
24:08 Gold Shaft Mining
24:43 Stone Shaft Mining
24:12 Heavy Plow
26:36 Forging
26:32 Scale Barding Armor
31:04 Iron Casting
30:49 Chain Barding Armor
31:31 Bow Saw
33:40 Wheelbarrow
35:18 Conscription
38:21 Two-Man Saw
39:45 Chemistry
40:20 Caravan
43:17 Hand Cart
44:36 Elite Cataphract
46:30 Logistica
48:05 Capped Ram
55:36 Crop Rotation
62:59 Husbandry
63:12 Siege Ram
Reblieble
0:32 Loom
11:05 Feudal Age
11:39 Horse Collar
15:43 Wheelbarrow
21:32 Castle Age
21:03 Scale Mail Armor
21:13 Forging
21:37 Double-Bit Axe
21:49 Gold Mining
23:28 Hand Cart
23:36 Chain Mail Armor
23:56 Iron Casting
27:10 Hand Cart
30:15 Arson
35:47 Imperial Age
35:38 Gold Shaft Mining
36:37 Fortified Wall
35:53 Elite Chakram Thrower
36:56 Conscription
37:19 Iron Casting
37:35 Plate Mail Armor
37:14 Kshatriyas
39:30 Bow Saw
39:25 Heavy Plow
41:50 Ballistics
55:42 Scale Barding Armor
56:52 Husbandry
57:02 Bloodlines
56:15 Light Cavalry
56:17 Elite Shrivamsha Rider
56:26 Heavy Camel Rider
57:32 Chain Barding Armor
58:48 Plate Barding Armor
Kassiber
14:07 Feudal Age
15:01 Double-Bit Axe
15:54 Wheelbarrow
15:39 Stone Mining
22:21 Fletching
28:32 Double-Bit Axe
Connection lost

Rejoining the realm…

Still unreachable

The connection could not be restored.

Session expired

The server has moved on; the page needs a fresh start.